 Dungeon Crawl Stone Soup version 0.27-a0-1065-ge809cff456 (webtiles) character file.

Game seed: 6965275136259475554

241 tsouns the Skirmisher (level 5, -4/46 HPs)
             Began as a Demonspawn Wanderer on Apr 23, 2021.
             Was a Believer of Ru.
             Slain by an orc
             ... wielding a +0 flail
              (9 damage)
             ... on level 3 of the Dungeon.
             The game lasted 00:04:58 (2520 turns).

tsouns the Skirmisher (Demonspawn Wanderer)         Turns: 2520, Time: 00:04:59

Health: -4/46      AC:  2    Str: 13    XL:     5   Next: 80%
Magic:  5/5        EV: 12    Int: 14    God:    Ru [**....]
Gold:   61         SH:  0    Dex: 14    Spells: 4/4 levels left

rFire    + . .     SeeInvis .   e - +0 war axe
rCold    + . .     Faith    .   (no shield)
rNeg     . . .     Spirit   .   c - +0 robe
rPois    .         Reflect  .   (no helmet)
rElec    .         Harm     .   h - scarf {rC+ rF+}
rCorr    .         Rampage  .   (no gloves)
Will     .....                  (no boots)
Stlth    +++.......             (no amulet)
HPRegen  0.15/turn              (no ring)
MPRegen  0.18/turn              (no ring)

@: no status effects
A: thin skeletal structure 1, magic regeneration, inability to use devices
a: Renounce Religion


You were on level 3 of the Dungeon.
You worshipped Ru.
Ru was pleased with you.
You visited 1 branch of the dungeon, and saw 3 of its levels.

You collected 61 gold pieces.

Inventory:

Hand Weapons
 a - a +2 short sword
 e - a +0 war axe (weapon)
Missiles
 g - 9 poisoned darts (quivered)
Armour
 c - a +0 robe (worn)
 h - a scarf of resistance (worn)
Scrolls
 d - a scroll of noise {unknown}
 j - 2 scrolls of teleportation {unknown}
 k - 3 scrolls of identify {unknown}
 l - 3 scrolls of enchant armour {unknown}
Potions
 f - a potion of lignification {unknown}
 i - a potion of heal wounds {unknown}
 m - a potion of cancellation {unknown}


   Skills:
 + Level 5.8 Fighting
 - Level 1.2 Short Blades
 + Level 3.4 Axes
 - Level 1.7 Dodging
 - Level 1.0 Stealth


You had 4 spell levels left.
You didn't know any spells.
Your spell library was empty.

Dungeon Overview and Level Annotations

Branches:
Dungeon (3/15)

Altars:
Okawaru
Ru


Innate Abilities, Weirdness & Mutations

You have a somewhat thin skeletal structure. (Dex +2, Stealth+)
You regenerate magic rapidly.
You cannot study or use magical devices.


Message History

The orc is heavily wounded.
You hit the orc priest but do no damage.
You hit the orc but do no damage.
The orc priest looks encouraged for a moment.
The orc closely misses you.
Unknown command.
You feel better.
The orc is no longer blind.
The orc priest hits you with a +0 club.
* * * LOW HITPOINT WARNING * * *
The orc misses you. The orc barely misses you.
Unknown command.
You feel better.
The orc priest hits you but does no damage.
The orc barely misses you.
You redirect the orc's attack!
The orc hits itself with a +0 flail.
Unknown command.
You hit the orc priest.
The orc priest is severely wounded.
You hit the orc. You closely miss the orc. The orc priest barely misses you.
The orc hits you with a +0 flail. x2; The orc priest hits you with a +0 club.
* * * LOW HITPOINT WARNING * * *
Unknown command.
You feel better. The orc hits you with a +0 flail!
* * * LOW HITPOINT WARNING * * *
The orc hits you with a +0 flail.
* * * LOW HITPOINT WARNING * * *
The orc priest closely misses you.
Unknown command.
You feel better. The orc hits you with a +0 flail!
* * * LOW HITPOINT WARNING * * *
The orc hits you with a +0 flail.
* * * LOW HITPOINT WARNING * * *
The orc priest barely misses you.
Unknown command.
You hit the orc.
The orc is heavily wounded.
You closely miss the orc priest. You hit the orc.
The orc hits you with a +0 flail!
You die...

..... ..... #.........#
.#
.########....#.#..###.##
.#......#....#..........
##......#....#..........
##......#....#........##
.'....).#....#..........
##..)...###...†..o....##
##.............†@o......
##..............o).....#
##.......####(..........
#######..# ##..........
# #..# #..#....... #
#... ...:....#.. #.##
##.##....# . #.# ...
.....


You could see an orc priest and 2 orcs.

Vanquished Creatures
  Sigmund (D:2)
  2 adders (D:2)
  A worm (D:3)
  4 orcs (D:3)
  4 ball pythons
  6 endoplasms
  A giant cockroach (D:1)
  9 goblins
  7 hobgoblins
  6 kobolds
  A quokka (D:1)
  5 bats
  2 frilled lizards
  7 rats
56 creatures vanquished.

Notes
Turn   | Place    | Note
-------+----------+-------------------------------------------
     0 | D:1      | tsouns the Demonspawn Wanderer began the quest for the Orb.
     0 | D:1      | tsouns set off with the following items: a +2 short sword,
                  | 2 potions of curing, a +0 robe
     0 | D:1      | Reached XP level 1. HP: 19/19 MP: 1/1
   322 | D:1      | Gained mutation: You have a somewhat thin skeletal
                  | structure. (Dex +2, Stealth+) [demonic ancestry]
   322 | D:1      | Reached XP level 2. HP: 22/25 MP: 2/2
   557 | D:1      | Found a faded altar of an unknown god.
   571 | D:1      | Became a worshipper of Ru the Awakened
   585 | D:1      | Gained mutation: You cannot study or use magical devices.
                  | [Ru sacrifice]
   585 | D:1      | Reached * piety under Ru
   585 | D:1      | Reached ** piety under Ru
   635 | D:1      | Reached skill level 1 in Axes
   822 | D:1      | Reached XP level 3. HP: 31/31 MP: 3/3
  1525 | D:2      | Noticed Sigmund
  1542 | D:2      | Killed Sigmund
  1543 | D:2      | Reached skill level 5 in Fighting
  1543 | D:2      | Gained mutation: You regenerate magic rapidly. [demonic
                  | ancestry]
  1543 | D:2      | Reached XP level 4. HP: 37/39 MP: 4/4
  1543 | D:2      | Reached XP level 5. HP: 43/45 MP: 5/5
  1772 | D:2      | Found an iron altar of Okawaru.
  2520 | D:3      | Slain by an orc

Illustrated notes

Levels and vault maps discovered:
D:1:      enne_arrival_octagon_isle, layout_loops_corners,
          hellmonk_ecumenical_altar_run_dry, minmay_pentomino_z2
D:2:      layout_basic, basic_altar, uniq_sigmund
D:3:      layout_basic, skrybe_limestone_x

Skill      XL: |  1  2  3 |
---------------+----------+-----
Evocations     | 0 |  0.0
Axes           | 1 3 |  3.4
Fighting       | 5 |  5.8
Short Blades   | |  1.2
Dodging        | |  1.7
Stealth        | |  1.0

Action                   |  1- 3 |  4- 6 || total
-------------------------+-------+-------++-------
Melee: Short sword       |    99 |    12 ||   111
       War axe           |       |    42 ||    42
Throw: Dart              |    11 |       ||    11
Invok: Sacrifice Artific |     1 |       ||     1
  Use: Potion            |       |     4 ||     4
 Stab: Sleeping          |     7 |     1 ||     8
       Invisible         |     1 |     1 ||     2
Armor: Robe              |    21 |    13 ||    34
Dodge: Dodged            |    52 |    41 ||    93

Table legend: (Time is in decaauts)
 A = Elapsed time spent in this place.
 B = Non-inter-level travel time spent in this place.
 C = Inter-level travel time spent in this place.
 D = Time resting spent in this place.
 E = Time spent auto-exploring this place.
 F = Levels seen in this place.
 G = Mean time per level.
                   A        B        C        D        E       F      G
               +--------+--------+--------+--------+--------+-----+--------+
         Total |   2536 |   2526 |     10 |      0 |   2073 |   3 |  845.3 |
       Dungeon |   2536 |   2526 |     10 |      0 |   2073 |   3 |  845.3 |
               +--------+--------+--------+--------+--------+-----+--------+

Top non-repeatable levels by time:
     D:1: 1301 daAuts
     D:2: 963 daAuts
     D:3: 270 daAuts
